 Dungeon Crawl Stone Soup version 0.30-a0-1114-gd936c97349 (webtiles) character file.

Game seed: 9422449305282529821

12730 meatpath the Fighter (level 11, -9/107 HPs)
             Began as a Minotaur Berserker on Apr 20, 2023.
             Was the Champion of Trog.
             Killed from afar by an electric eel (10 damage)
             ... with a bolt of electricity
             ... on level 10 of the Dungeon on Apr 21, 2023.
             The game lasted 00:30:16 (10966 turns).

meatpath the Fighter (Minotaur Berserker)          Turns: 10966, Time: 00:30:17

Health: -9/107     AC: 20    Str: 24    XL:     11   Next: 66%
Magic:  10/10      EV: 10    Int:  6    God:    Trog [******]
Gold:   723        SH:  0    Dex: 10    Spells: 10/10 levels left

rFire   . . .      SeeInvis .    I - +9 executioner's axe
rCold   . . .      Faith    +    (shield currently unavailable)
rNeg    . . .      Spirit   .    u - +0 plate armour
rPois   .          Reflect  .    (helmet restricted)
rElec   .          Rampage  .    (no cloak)
rCorr   +                        j - +1 pair of gloves
Will    ++...                    J - +1 pair of boots of Todihec {Will++} Stlth
                                 n - amulet of faith
HPRegen 0.37/turn                y - ring of resist corrosion
MPRegen 0.12/turn                (no ring)

@: hasted, studying 2 skills, very quick
A: horns 2, retaliatory headbutt
a: Renounce Religion, Berserk, Trog's Hand, Brothers in Arms


You were on level 10 of the Dungeon.
You worshipped Trog.
Trog was exalted by your worship.
You visited 1 branch of the dungeon, and saw 12 of its levels.
You also visited: Ossuary and Bailey.

You collected 723 gold pieces.

Inventory:

Hand Weapons
 h - a +0 heavy war axe
 q - a +5 vampiric spear
 I - a +9 executioner's axe (weapon)
 N - a +0 battleaxe of freezing
 U - a +4 antimagic executioner's axe
Missiles
 S - 2 throwing nets (quivered)
Armour
 j - a +1 pair of gloves (worn)
 u - a +0 plate armour (worn)
 J - the +1 pair of boots of Todihec (worn) {Will++}
   (You acquired it on level 8 of the Dungeon)

   Will:      It greatly increases your willpower.
Jewellery
 c - a +6 ring of intelligence
 n - an amulet of faith (around neck)
 y - a ring of resist corrosion (left hand)
 E - an amulet of regeneration
 M - a ring of ice
Wands
 b - a wand of roots (10)
 f - a wand of light (5)
 i - a wand of flame (25)
 w - a wand of charming (6)
 F - a wand of polymorph (17)
 H - a wand of mindburst (3)
 P - a wand of digging (6)
Scrolls
 e - 2 scrolls of poison
 k - 2 scrolls of vulnerability {unknown}
 o - 4 scrolls of fog {unknown}
 p - 9 scrolls of teleportation
 r - 8 scrolls of fear
 s - a scroll of enchant armour {unknown}
 v - a scroll of immolation {unknown}
 x - a scroll of silence {unknown}
 D - 3 scrolls of enchant weapon {unknown}
 G - 2 scrolls of amnesia {unknown}
 K - 2 scrolls of summoning {unknown}
 L - 4 scrolls of blinking
 Q - 2 scrolls of identify
 T - a scroll of magic mapping {unknown}
 V - a scroll of noise {unknown}
Potions
 a - a potion of invisibility
 d - 3 potions of attraction
 g - 3 potions of resistance
 l - 9 potions of curing
 m - 2 potions of mutation
 t - a potion of lignification
 z - 4 potions of haste
 A - 3 potions of magic
 B - 4 potions of might
 C - 2 potions of berserk rage {unknown}
 O - a potion of flight {unknown}
 R - 3 potions of heal wounds {unknown}


   Skills:
 + Level 13.4 Fighting
 + Level 13.4 Axes
 - Level 11.6 Armour
 + Level 8.4 Dodging


You had 10 spell levels left.
You didn't know any spells.
Your spell library was empty.

Dungeon Overview and Level Annotations

Branches:
Dungeon (12/15)            Temple (0/1) D:5             Orc (0/2) D:9
Ossuary (visited)          Bailey (visited)
   Lair: D:8-11

Altars:
Cheibriados
Dithmenos
Hepliaklqana
Kikubaaqudgha
Makhleb
Okawaru
Qazlal
Trog
Wu Jian
Yredelemnul

Annotations:
D:10 2 transporters, leviel's ghost, novice HOFi


Innate Abilities, Weirdness & Mutations

You have a pair of horns on your head.
You reflexively headbutt those who attack you in melee.


Message History

The electric eel shoots out a bolt of lightning at you!
The bolt of electricity misses you.
The electric eel shoots out a bolt of lightning at you!
The bolt of electricity hits the electric eel.
The electric eel completely resists.
The bolt of electricity hits the gnoll!
The bolt of electricity misses you. The gnoll attacks as you move away!
The gnoll closely misses you. You furiously retaliate!
You headbutt the gnoll.
You kill the gnoll!
Trog accepts your kill.
The howler monkey attacks as you move away!
The howler monkey hits you.
The electric eel shoots out a bolt of lightning at you!
The bolt of electricity hits you. The bolt of electricity hits you!
* * * LOW HITPOINT WARNING * * *
The electric eel shoots out a bolt of lightning at you!
The bolt of electricity hits the electric eel.
The electric eel completely resists.
The bolt of electricity hits you.
* * * LOW HITPOINT WARNING * * *
The electric eel shoots out a bolt of lightning at you!
The bolt of electricity hits the electric eel.
The electric eel completely resists.
The bolt of electricity hits you.
* * * LOW HITPOINT WARNING * * *
You feel yourself speed up.
The howler monkey hits you but does no damage.
The electric eel shoots out a bolt of lightning at you!
The bolt of electricity hits you!
* * * LOW HITPOINT WARNING * * *
The bolt of electricity misses you.
The electric eel shoots out a bolt of lightning at you!
The bolt of electricity hits the electric eel.
The electric eel completely resists.
The bolt of electricity hits you.
* * * LOW HITPOINT WARNING * * *
The electric eel shoots out a bolt of lightning at you!
The bolt of electricity hits the electric eel.
The electric eel completely resists.
The bolt of electricity hits you.
* * * LOW HITPOINT WARNING * * *
The electric eel shoots out a bolt of lightning at you!
The bolt of electricity hits you!
You die...

........~~≈≈≈≈≈≈≈≈≈##
.........~S≈≈≈>~≈≈≈≈###
........g..≈SS≈≈≈≈≈≈≈≈#
....!....~~~SS~~~≈~~≈≈#
.....................#
.....................####
.............g...........
...$..........g...#############
..............Wh@.............#
#############################.#
#.# #.# ### #.# #.# #.# #.# #.#
#.# #.# #.# #.#


You could see a wraith, a gnoll sergeant, a howler monkey, 5 electric eels and a
gnoll.

Vanquished Creatures
  An orc warlord (Bailey)
  A two-headed ogre (D:11)
  Erica (D:9)
  2 boulder beetles
  Pikel (D:5)
  2 orc knights (Bailey)
  An ugly thing (D:12)
  A cyclops (D:12)
  A slime creature (D:11)
  Sigmund (D:6)
  6 yaks
  A wyvern (D:8)
  A warg (D:9)
  4 sky beasts
  14 orc warriors
  A hornet zombie (Ossuary)
  2 black bears
  13 centaurs
  An ogre (D:7)
  A lemure (D:5)
  2 kobold brigands
  A gnoll sergeant (D:5)
  2 bullfrogs
  A scorpion (D:4)
  A water moccasin zombie (Ossuary)
  A wyvern zombie (Ossuary)
  10 wights
  4 killer bees (D:9)
  7 howler monkeys
  5 bullfrog zombies (Ossuary)
  4 centaur zombies (Ossuary)
  2 hounds
  A gnoll bouda (D:9)
  2 orc priests (D:9)
  2 sleepcaps (D:5)
  3 iguanas
  Ijyb (D:5)
  6 orc wizards
  2 killer bee zombies (Ossuary)
  13 mummies (Ossuary)
  2 howler monkey zombies (Ossuary)
  8 adders
  26 gnolls
  3 white imps
  2 ufetubi
  4 worms
  A dart slug (D:4)
  48 orcs
  8 endoplasms
  5 giant cockroaches
  23 goblins
  17 hobgoblins
  5 jackals (D:3)
  2 quokkas
  11 ball pythons
  5 bats
  3 frilled lizards
  17 kobolds
  4 rats
  A bush (D:9)
321 creatures vanquished.

Vanquished Creatures (others)
  7 withered plants (Ossuary)
7 creatures vanquished.

Grand Total: 328 creatures vanquished

Notes
Turn   | Place    | Note
-------+----------+-------------------------------------------
     0 | D:1      | meatpath the Minotaur Berserker began the quest for the
                  | Orb.
     0 | D:1      | Reached XP level 1. HP: 19/19 MP: 0/0
   227 | D:1      | Reached XP level 2. HP: 25/27 MP: 1/1
   654 | D:1      | Reached XP level 3. HP: 28/33 MP: 2/2
  1165 | D:2      | Reached ** piety under Trog
  1551 | D:2      | Found a shadowy altar of Dithmenos.
  1568 | D:2      | Reached XP level 4. HP: 39/41 MP: 3/3
  2304 | D:3      | Found an ancient bone altar of Kikubaaqudgha.
  2719 | D:4      | Reached skill level 5 in Fighting
  2735 | D:4      | Reached XP level 5. HP: 48/48 MP: 4/4
  2745 | D:4      | Reached skill level 5 in Axes
  2808 | D:4      | Reached *** piety under Trog
  2996 | D:4      | Found a hazy altar of Hepliaklqana.
  3576 | D:5      | Entered Level 5 of the Dungeon
  3623 | D:5      | Noticed Ijyb
  3625 | D:5      | Reached XP level 6. HP: 57/57 MP: 5/5
  3631 | D:5      | Killed Ijyb
  3632 | D:5      | Reached skill level 5 in Armour
  3965 | D:4      | Reached XP level 7. HP: 54/63 MP: 6/6
  4083 | D:5      | Found a burning altar of Makhleb.
  4213 | D:5      | Reached **** piety under Trog
  4296 | D:5      | Found a staircase to the Ecumenical Temple.
  4312 | D:5      | Noticed Pikel
  4436 | D:5      | Killed Pikel
  4437 | D:5      | Reached XP level 8. HP: 50/73 MP: 7/7
  4887 | D:5      | Found a basalt altar of Yredelemnul.
  5023 | D:6      | Noticed Sigmund
  5047 | D:6      | Killed Sigmund
  5262 | D:6      | Reached XP level 9. HP: 79/82 MP: 8/8
  5789 | D:7      | Found a sand-covered staircase.
  5798 | Ossuary  | Entered an ossuary
  5804 | Ossuary  | Reached ***** piety under Trog
  6110 | Ossuary  | Reached skill level 10 in Fighting
  6147 | Ossuary  | Reached skill level 10 in Axes
  6768 | D:7      | Reached skill level 10 in Armour
  6949 | D:7      | Found a snail-covered altar of Cheibriados.
  7104 | D:8      | Found a flagged portal.
  7122 | Bailey   | Entered a bailey
  7210 | Bailey   | Received a gift from Trog
  7333 | Bailey   | Noticed an orc knight
  7336 | Bailey   | Reached XP level 10. HP: 71/94 MP: 9/9
  7345 | Bailey   | Killed an orc knight
  7622 | Bailey   | Noticed an orc knight
  7633 | Bailey   | Killed an orc knight
  7717 | Bailey   | Noticed an orc warlord
  7733 | Bailey   | Killed an orc warlord
  8130 | D:8      | Identified the +3 robe "Juixogaph" {rElec}
  8483 | D:8      | Found an ornate altar of the Wu Jian Council.
  8640 | D:8      | Acquired a manual of Dodging
  8642 | D:8      | Acquired the +1 pair of boots of Todihec {Will++}
  8660 | D:9      | You fall into a shaft and drop 3 floors!
  8663 | D:12     | Noticed a cyclops
  8669 | D:12     | Killed a cyclops
  8675 | D:12     | Reached XP level 11. HP: 92/104 MP: 10/10
  8680 | D:12     | Noticed a boulder beetle
  8687 | D:12     | Killed a boulder beetle
  8688 | D:12     | Noticed a cyan ugly thing
  8699 | D:12     | Killed a cyan ugly thing
  8700 | D:12     | Reached skill level 5 in Dodging
  8943 | D:12     | Noticed a deep elf pyromancer
  8945 | D:11     | Noticed a two-headed ogre
  8951 | D:11     | Killed a two-headed ogre
  9087 | D:11     | Noticed a boulder beetle
  9099 | D:11     | Killed a boulder beetle
  9157 | D:11     | Reached ****** piety under Trog
  9235 | D:10     | Entered Level 10 of the Dungeon
  9383 | D:9      | Found a staircase to the Orcish Mines.
  9587 | D:9      | Noticed Erica
  9591 | D:9      | Killed Erica
  9747 | D:9      | Identified the +1 trident of the Shoals {antimagic, rElec
                  | rF+ rN+}
 10219 | D:9      | Received a gift from Trog
 10406 | D:9      | Found an iron altar of Okawaru.
 10406 | D:9      | Found a stormy altar of Qazlal.
 10593 | D:10     | Found a transporter.
 10621 | D:10     | Found a transporter.
 10629 | D:10     | Found a bloodstained altar of Trog.
 10629 | D:10     | Noticed a two-headed ogre
 10629 | D:10     | Noticed a tengu warrior
 10629 | D:10     | Noticed leviel's ghost (novice HOFi)
 10657 | D:10     | Noticed a two-headed ogre
 10966 | D:10     | HP: 1/107 [electric eel/bolt of electricity (6)]
 10966 | D:10     | Killed from afar by an electric eel

Illustrated notes

Levels and vault maps discovered:
D:1:      dpeg_arrival_castle, layout_basic, minmay_heptomino_o4
D:2:      kb_forest_paths, layout_basic, basic_altar, minivault_5
D:3:      layout_rooms, lemuel_round_altar, dk_noncrumbling_4,
          minmay_misc_feat_rows, guppyfry_early_orc_mine
D:4:      layout_cave_pods, nicolae_hepliaklqana_hippocampus
D:5:      layout_basic, overflow_temple_1_default, mainiacjoe_overflow_24_doors,
          minmay_temple_entry_wispy, nrook_campfire, lightli_minifort,
          uniq_ijyb, uniq_pikel
D:6:      layout_cave_pools, chequers_serial_rivers_large_a,
          minmay_manual_mares, uniq_sigmund
D:7:      layout_gridville, slow_altar_2, chequers_ossuary_entry_cave,
          hangedman_decor_push, mrwooster_statue_mirror, minmay_misc_feat_alley
D:8:      layout_basic, nzn_wu_jian_contemplation, enter_bailey_3
D:9:      layout_loops_corners, gammafunk_temple_overflow_elements,
          david_orc_1_choice, amethyst_killhole, kb_lookout_dungeons_type,
          uniq_erica
D:10:     layout_basic, erik_lair_dragon, gammafunk_ghost_wrathful_warriors
D:11:     layout_rooms, serial_ice, serial_ice_h, serial_ice_i, serial_ice_o,
          serial_ice_e, serial_ice_m, serial_ice_c, serial_ice_n, serial_ice_g,
          nicolae_wand_duel, uniq_snorg
D:12:     layout_rooms, einodemon_armed_red_devil_minivault

Skill      XL: |  1  2  3  4  5  6  7  8  9 10 11 |
---------------+----------------------------------+-----
Fighting       | 4 5 6 7 8 10 12 13 | 13.4
Axes           | 4 5 6 7 8 10 12 13 | 13.4
Armour         | 3 4 5 7 8 10 11 | 11.6
Dodging        | 3 8 |  8.4

Action                     |  1- 3 |  4- 6 |  7- 9 | 10-12 || total
---------------------------+-------+-------+-------+-------++-------
  Melee: Hand axe          |    39 |       |       |       ||    39
         Headbutt          |     9 |    26 |    53 |    33 ||   121
         War axe           |    38 |   142 |   184 |       ||   364
         Punch             |       |     1 |       |       ||     1
         Battleaxe         |       |       |    62 |       ||    62
         Executioner's axe |       |       |     2 |   202 ||   204
 Invoke: Berserk           |       |       |     2 |     2 ||     4
    Use: Scroll            |       |    11 |     6 |     3 ||    20
         Potion            |       |       |       |     1 ||     1
   Stab: Sleeping          |     1 |       |       |       ||     1
 Armour: Animal skin       |    23 |     1 |       |       ||    24
         Plate armour      |       |   101 |   218 |   133 ||   452
         Skin              |       |       |    45 |       ||    45
  Dodge: Dodged            |    46 |    76 |   134 |   123 ||   379

Table legend: (Time is in decaauts)
 A = Elapsed time spent in this place.
 B = Non-inter-level travel time spent in this place.
 C = Inter-level travel time spent in this place.
 D = Time resting spent in this place.
 E = Time spent auto-exploring this place.
 F = Levels seen in this place.
 G = Mean time per level.
                   A        B        C        D        E       F      G
               +--------+--------+--------+--------+--------+-----+--------+
         Total |  11278 |  11050 |    228 |   2049 |   6797 |  14 |  805.6 |
       Dungeon |  10078 |   9850 |    228 |   1633 |   6377 |  12 |  839.8 |
       Ossuary |    460 |    460 |      0 |     30 |    239 |   1 |  460.0 |
        Bailey |    738 |    738 |      0 |    386 |    181 |   1 |  738.0 |
               +--------+--------+--------+--------+--------+-----+--------+

Top non-repeatable levels by time:
     D:9: 1366 daAuts
     D:4: 1260 daAuts
     D:7: 1097 daAuts
     D:1: 1090 daAuts
     D:2: 1083 daAuts
     D:5: 1021 daAuts
     D:8: 918 daAuts
  Bailey: 738 daAuts
     D:6: 672 daAuts
     D:3: 572 daAuts
 Ossuary: 460 daAuts
    D:10: 397 daAuts
    D:12: 303 daAuts
    D:11: 294 daAuts
